 Dungeon Crawl Stone Soup version 0.27-a0-346-ga689d4a613 (webtiles) character file.

Game seed: 16412404965064759538

799 tilp the Insei (level 7, 0/49 HPs)
             Began as an Octopode Transmuter on Feb 15, 2021.
             Was an Initiate of Okawaru.
             Slain by an ogre
             ... wielding a +0 giant spiked club
              (15 damage)
             ... on level 5 of the Dungeon.
             The game lasted 00:07:57 (7108 turns).

tilp the Insei (Octopode Transmuter)                Turns: 7108, Time: 00:07:57

Health: 0/49       AC:  1    Str: 10    XL:     7   Next: 90%
Magic:  10/10      EV: 14    Int: 17    God:    Okawaru [......]
Gold:   251        SH:  0    Dex: 12    Spells: 4/10 levels left

rFire    . . .     SeeInvis .     - Unarmed
rCold    . . .     Faith    .   (no shield)
rNeg     . . .     Spirit   .   (helmet currently unavailable)
rPois    .         Reflect  .   b - amulet of magic regeneration
rElec    .         Harm     .   (no ring)
rCorr    .         Rampage  .   (no ring)
Will     .....                  (no ring)
Stlth    +++.......             (no ring)
HPRegen  0.16/turn              (no ring)
MPRegen  0.37/turn              (no ring)
                                (no ring)
                                (no ring)

@: appendages (expiring), wereblooded
A: almost no armour, stealthy swim, amphibious, 8 rings, constrict 8, tentacle
spike 3, camouflage 1, gelatinous body 1
a: End Transformation, Renounce Religion


You were on level 5 of the Dungeon.
You worshipped Okawaru.
Okawaru was noncommittal.
One of your tentacles had a temporary spike.
You visited 2 branches of the dungeon, and saw 6 of its levels.

You collected 251 gold pieces.

Inventory:

Missiles
 c - 107 stones
 p - a boomerang (quivered)
Armour
 f - a +1 hat (melded)
Jewellery
 b - an amulet of magic regeneration (around mantle)
 e - an amulet of faith
Scrolls
 a - a scroll of magic mapping
 g - 3 scrolls of fog
 k - 2 scrolls of teleportation
 q - a scroll of enchant weapon {unknown}
Potions
 d - 3 potions of curing
 h - a potion of haste {unknown}
 i - a potion of might {unknown}
 j - a potion of brilliance {unknown}
 l - 2 potions of invisibility {unknown}
 m - 3 potions of flight {unknown}
 n - a potion of heal wounds
 o - a potion of mutation {unknown}
 r - a potion of lignification {unknown}


   Skills:
 + Level 4.7 Fighting
 + Level 3.2 Dodging
 - Level 4.0 Stealth
 + Level 6.5 Unarmed Combat
 - Level 2.0 Spellcasting
 - Level 2.0 Transmutations


You had 4 spell levels left.
You knew the following spells:

 Your Spells              Type           Power        Failure   Level
a - Beastly Appendage     Tmut           16%          9%          1
b - Wereblood             Tmut           8%           13%         2
c - Spider Form           Tmut/Pois      2%           36%         3

Your spell library contained the following spells:

 Spells                   Type           Power        Failure   Level
 Confusing Touch          Hex            1%           50%         3
 Gell's Gravitas          Tloc           0%           50%         3
 Ice Form                 Ice/Tmut       5%           77%         4
 Petrify                  Tmut/Erth      5%           77%         4
 Blade Hands              Tmut           4%           93%         5
 Yara's Violent Unravell  Hex/Tmut       2%           98%         5
 Metabolic Englaciation   Hex/Ice        0%           99%         5


Dungeon Overview and Level Annotations

Branches:
Dungeon (5/15)             Temple (1/1) D:4

Altars:
Ashenzari
Cheibriados
Dithmenos
Elyvilon
Fedhas
Gozag
Nemelex Xobeh
Okawaru
Qazlal
Vehumet
Wu Jian
Xom
Zin

Annotations:
D:2 exclusion: ogre


Innate Abilities, Weirdness & Mutations

You cannot wear most types of armour.
You are very stealthy in the water. (Stealth+)
You are amphibious.
You can wear up to eight rings at the same time.
You can use your tentacles to constrict eight enemies at once.
Your skin changes colour to match your surroundings (Stealth+).
Your rubbery body absorbs attacks. (AC +1, EV +1)
One of your tentacles bears a large vicious spike.


Message History

One of your tentacles grows a vicious spike.
Your +1 hat melds into your body.
An ogre comes into view. It is wielding a +0 giant spiked club.
You throw a boomerang. The ogre shouts!
The boomerang hits the hound but does no damage.
The hound pauses to sniff the ground.
Casting: Beastly Appendage (safe; 9% risk of failure)
Confirm with . or Enter, or press ? or * to list all spells.
Your blood is infused with primal strength.
The hound closely misses you. x2
You tentacle-slap the hound. Your grab misses the hound.
The hound is moderately wounded.
The hound barely misses you.
You completely miss the hound. Your grab misses the hound.
You squeeze the hound.
The hound is moderately wounded.
Your transformation is almost over.
The hound bites you.
Your magical contamination has completely faded away.
You miss the hound. Your grab misses the hound.
The hound is moderately wounded.
The hound bites you. x2
You tentacle-slap the hound. You grab the hound.
The hound is severely wounded.
You constrict the hound. The hound bites you.
You bludgeon the hound!
You kill the hound!
Okawaru accepts your kill.
You bludgeon the ogre!
You pierce the ogre.
The ogre is heavily wounded.
You tentacle-slap the ogre.
You pierce the ogre.
You tentacle-slap the ogre.
The ogre is severely wounded.
The ogre hits you with a +0 giant spiked club!!
* * * LOW HITPOINT WARNING * * *
You tentacle-slap the ogre.
Your tentacle-slap misses the ogre.
You squeeze the ogre.
The ogre is almost dead.
The ogre hits you with a +0 giant spiked club!
You die...

#.........................# #.
#.........<...............# #.
#............._...........######
#.................#########.....
##..............## #.....
#............######## #.....
.......#####.......# ##.###
###### #.#####.# #.# #@# #.#
#.### #O# #.######.... #...?...#
#......'.... #.......#
########.... ......... #....
......... ####♣ .$....$...
.......... ........... ♣♣


You could see an ogre.

Vanquished Creatures
  An ogre (D:4)
  A centaur (D:4)
  2 scorpions (D:4)
  An orc priest (D:3)
  2 hounds (D:5)
  2 iguanas
  2 orc wizards
  4 worker ants (D:4)
  A hound skeleton (D:4)
  Robin (D:2)
  6 adders
  4 oozes
  4 worms
  3 dart slugs
  4 leopard geckos
  12 orcs
  4 bats
  7 giant cockroaches
  12 goblins
  15 hobgoblins
  3 jackals (D:4)
  2 quokkas
  4 ball pythons
  9 frilled lizards
  8 kobolds
  8 rats
122 creatures vanquished.

Vanquished Creatures (others)
  An orc wizard (D:3)
1 creature vanquished.

Grand Total: 123 creatures vanquished

Notes
Turn   | Place    | Note
-------+----------+-------------------------------------------
     0 | D:1      | tilp the Octopode Transmuter began the quest for the Orb.
     0 | D:1      | Reached XP level 1. HP: 13/13 MP: 3/3
    71 | D:1      | Reached skill level 1 in Stealth
   276 | D:1      | Reached XP level 2. HP: 8/18 MP: 5/5
   486 | D:1      | Learned a level 2 spell: Wereblood
   876 | D:1      | Reached XP level 3. HP: 20/23 MP: 6/6
  1507 | D:2      | Reached XP level 4. HP: 26/29 MP: 7/7
  1511 | D:2      | Noticed Robin
  1529 | D:2      | Killed Robin
  2595 | D:2      | Found a stormy altar of Qazlal.
  2896 | D:2      | Noticed an ogre
  3028 | D:3      | Reached XP level 5. HP: 17/35 MP: 8/8
  3270 | D:3      | Learned a level 3 spell: Spider Form
  3378 | D:3      | Reached skill level 4 in Unarmed Combat
  4263 | D:3      | Reached XP level 6. HP: 23/42 MP: 9/9
  4931 | D:4      | Reached skill level 5 in Unarmed Combat
  5280 | D:4      | Reached skill level 6 in Unarmed Combat
  5280 | D:4      | Reached XP level 7. HP: 14/48 MP: 10/10
  5533 | D:4      | HP: 1/48 [something (7)]
  5883 | D:4      | Found a blossoming altar of Fedhas.
  6206 | D:4      | Found a staircase to the Ecumenical Temple.
  6226 | Temple   | Entered the Ecumenical Temple
  6459 | Temple   | Became a worshipper of Warmaster Okawaru
  6531 | D:4      | Found a snail-covered altar of Cheibriados.
  6555 | D:5      | Entered Level 5 of the Dungeon
  6621 | D:5      | Found a broken altar of Ashenzari.
  6650 | D:5      | Found a sparkling altar of Nemelex Xobeh.
  7108 | D:5      | Slain by an ogre

Illustrated notes

Levels and vault maps discovered:
D:1:      minmay_arrival_up_and_down, layout_basic
D:2:      layout_basic, grunt_qazlal_clouds, uniq_robin
D:3:      layout_rooms, minmay_fractal_squares_5
D:4:      layout_basic, kennysheep_little_box,
          minmay_temple_entry_statues_fountains, fedhas_bush_and_centaur_altar
D:5:      layout_basic, general_overflow_altar, minitemple, basic_altar,
          nrook_uturn, serial_bayou_crossing
Temple:   kb_temple_of_zot

Skill      XL: |  1  2  3  4  5  6  7 |
---------------+----------------------+-----
Stealth        | 2 3 4 |  4.0
Fighting       | 2 3 4 |  4.7
Unarmed Combat | 4 6 |  6.5
Dodging        | 3 |  3.2
Spellcasting   | |  2.0
Transmutations | |  2.0

Action                   |  1- 3 |  4- 6 |  7- 9 || total
-------------------------+-------+-------+-------++-------
Melee: Unarmed           |    78 |   160 |    54 ||   292
       Constrict         |    23 |    39 |    10 ||    72
       Tentacles         |    12 |    27 |    10 ||    49
       Kick              |     8 |    26 |    11 ||    45
       Punch             |     4 |     5 |     2 ||    11
Throw: Boomerang         |       |    16 |    11 ||    27
 Cast: Beastly Appendage |     9 |    18 |     7 ||    34
       Wereblood         |     3 |     8 |     4 ||    15
  Use: Scroll            |       |     9 |       ||     9
       Potion            |       |     1 |     4 ||     5
 Stab: Sleeping          |     8 |    10 |     2 ||    20
Armor: Skin              |     9 |    11 |     1 ||    21
Dodge: Dodged            |    42 |    84 |    23 ||   149

Table legend: (Time is in decaauts)
 A = Elapsed time spent in this place.
 B = Non-inter-level travel time spent in this place.
 C = Inter-level travel time spent in this place.
 D = Time resting spent in this place.
 E = Time spent auto-exploring this place.
 F = Levels seen in this place.
 G = Mean time per level.
                   A        B        C        D        E       F      G
               +--------+--------+--------+--------+--------+-----+--------+
         Total |   7096 |   6884 |    212 |   2253 |   3708 |   6 | 1182.7 |
       Dungeon |   6830 |   6673 |    157 |   2253 |   3500 |   5 | 1366.0 |
        Temple |    265 |    210 |     55 |      0 |    208 |   1 |  265.0 |
               +--------+--------+--------+--------+--------+-----+--------+

Top non-repeatable levels by time:
     D:3: 1829 daAuts
     D:1: 1632 daAuts
     D:2: 1519 daAuts
     D:4: 1296 daAuts
     D:5: 551 daAuts
  Temple: 265 daAuts
